Map: Ruins of Seras

Players

calomando

  • Race: Zerg Zerg
  • League: Gold

avilo - Winner!

  • Race: Protoss Protoss
  • League: Diamond

Event: Lycan League Weekly August #2

VOD

Have the link to the VOD?

Description

Time

  • Played on: Aug. 10, 2015, 12:42 p.m.
  • Length: 13:11

All games in this series

Show
View Real Time Build Order
Export as new Build Order

calomando Zerg 

Build Orders: Hatch First 

Get SALT Encoding   

  12  0:01  Drone  
  13  0:12  Overlord  
  13  0:17  Drone  
  14  0:31  Drone x2  
  14  0:35  Drone  
  17  0:45  Drone  
  18  0:59  Hatchery  
  18  1:03  Drone  
  18  1:14  Spawning Pool  
  17  1:20  Drone  
  17  1:21  Drone  
  19  1:28  Drone  
  20  1:40  Drone  
  21  1:49  Overlord  
  21  2:00  Drone  
  22  2:07  Queen  
  24  2:13  Queen  
  24  2:14  Drone x2  
  28  2:19  Extractor  
  28  2:20  Extractor  
  28  2:22  Drone x2  
  28  2:32  Drone x2  
  30  2:43  Drone  
  30  2:44  Drone  
  32  2:51  Queen x2  
  34  3:16  Overlord  
  34  3:19  Drone  
  35  3:22  Overlord  
  35  3:24  Drone  
  36  3:30  Lair  
  36  3:31  Metabolic Boost  
  36  3:33  Overlord  
  36  3:34  Drone x3  
  36  3:35  Drone x2  
  36  3:39  Zergling x2  
  42  3:41  Drone  
  42  3:42  Drone  
  42  3:45  Drone  
  45  3:52  Overlord  
  45  3:54  Drone x2  
  47  3:56  Drone  
  48  4:04  Drone x4  
  48  4:07  Drone x2  
  55  4:10  Drone  
  55  4:13  Spore Crawler  
  54  4:22  Extractor x2  
  52  4:26  Drone  
  52  4:27  Drone x2  
  55  4:31  Hatchery  
  54  4:40  Overlord  
  54  4:46  Spire  
  54  4:47  Drone  
  54  4:48  Overlord, Drone  
  54  4:49  Zergling x2  
  47  5:09  Drone x4  
  51  5:17  Overlord  
  51  5:19  Roach Warren  
  51  5:20  Overlord  
  50  5:31  Overlord  
  50  5:38  Overlord  
  50  5:41  Drone x4  
  50  5:42  Drone  
  55  5:51  Spore Crawler  
  54  6:00  Mutalisk  
  54  6:01  Mutalisk x5  
  62  6:14  Mutalisk  
  62  6:15  Mutalisk x2  
  68  6:19  Mutalisk  
  70  6:29  Mutalisk x2  
  70  6:30  Mutalisk  
  70  6:31  Mutalisk  
  78  6:38  Drone  
  78  6:54  Mutalisk x2  
  82  7:03  Mutalisk  
  84  7:09  Overlord x2  
  84  7:10  Mutalisk  
  86  7:20  Mutalisk  
  88  7:26  Overlord  
  88  7:27  Drone x7  
  88  7:28  Drone x4  
  99  7:36  Drone  
  100  7:38  Drone x2  
  100  7:39  Drone, Glial Reconstitution  
  103  7:45  Extractor  
  103  7:51  Corruptor x2  
  102  7:53  Corruptor  
  108  8:03  Corruptor  
  108  8:06  Queen  
  108  8:10  Extractor  
  109  8:15  Corruptor  
  107  8:25  Corruptor  
  107  8:26  Zergling x4  
  101  8:31  Zergling x2  
  101  8:32  Roach x2  
  101  8:33  Roach x3  
  104  8:52  Evolution Chamber, Drone x7  
  104  8:54  Evolution Chamber, Drone x3  
  104  8:55  Drone x2  
  114  9:19  Infestation Pit  
  113  9:31  Hatchery  
  112  9:37  Roach  
  112  9:38  Roach x11  
  136  9:40  Zerg Missile Weapons Level 1, Overlord  
  136  9:41  Roach, Zerg Ground Armor Level 1  
  138  9:47  Overlord  
  138  9:48  Overlord x4  
  138  10:02  Overlord  
  138  10:05  Hive  
  138  10:06  Pathogen Glands  
  134  10:27  Overlord  
  134  10:30  Hydralisk Den  
  133  10:36  Drone x6  
  133  10:38  Corruptor  
  133  10:39  Corruptor x8  
  157  10:53  Spore Crawler  
  156  11:02  Drone  
  156  11:03  Drone x3  
  155  11:18  Drone x2  
  155  11:19  Drone  
  155  11:21  Extractor  
  155  11:22  Spore Crawler, Extractor  
  155  11:26  Overlord  
  155  11:33  Greater Spire  
  145  11:56  Infestor x6  
  145  11:58  Viper  
  145  11:59  Zergling x12  
  145  12:00  Zergling x20  
  145  12:01  Overlord  
  176  12:02  Overlord x2  
  176  12:11  Overlord  
  176  12:12  Overlord  
  176  12:13  Overlord  
  176  12:24  Ravager x2  
  176  12:25  Ravager x4  
Show
View Real Time Build Order
Export as new Build Order

avilo Protoss - Winner!

Build Orders:  

Get SALT Encoding   

  12  0:01  Probe  
  13  0:17  Pylon  
  13  0:18  Probe  
  14  0:35  Probe (Chrono Boost)  
  15  0:38  Gateway  
  15  0:45  Probe (Chrono Boost)  
  15  0:47  Assimilator  
  16  0:52  Probe  
  17  1:04  Probe (Chrono Boost)  
  17  1:08  Gateway  
  18  1:16  Probe (Chrono Boost)  
  19  1:24  Probe (Chrono Boost)  
  20  1:28  Cybernetics Core  
  20  1:33  Probe  
  20  1:39  Pylon  
  21  1:45  Probe  
  22  1:57  Probe (Chrono Boost)  
  23  2:04  Adept (Chrono Boost)  
  23  2:05  Warp Gate  
  27  2:10  Probe (Chrono Boost)  
  27  2:11  Adept (Chrono Boost)  
  28  2:18  Probe (Chrono Boost)  
  29  2:32  Nexus  
  29  2:41  Pylon  
  29  2:47  Pylon  
  29  2:50  Assimilator  
  29  2:51  Probe  
  30  3:03  Probe (Chrono Boost)  
  32  3:14  Probe (Chrono Boost)  
  32  3:17  Adept  
  32  3:20  Probe (Chrono Boost)  
  32  3:24  Stargate  
  33  3:30  Forge  
  33  3:31  Probe (Chrono Boost)  
  34  3:38  Probe (Chrono Boost)  
  35  3:44  Mothership Core (Chrono Boost), Adept  
  39  3:55  Probe (Chrono Boost)  
  40  3:59  Probe (Chrono Boost)  
  40  4:01  Probe  
  42  4:03  Assimilator  
  42  4:09  Oracle (Chrono Boost)  
  45  4:10  Probe (Chrono Boost), Photon Cannon  
  45  4:17  Probe (Chrono Boost), Adept  
  49  4:22  Probe (Chrono Boost)  
  50  4:24  Pylon  
  50  4:29  Probe (Chrono Boost)  
  50  4:30  Probe (Chrono Boost)  
  52  4:32  Assimilator  
  52  4:34  Sentry  
  54  4:38  Probe (Chrono Boost)  
  54  4:40  Probe (Chrono Boost)  
  56  4:48  Gateway  
  56  4:49  Gateway  
  56  4:51  Probe (Chrono Boost)  
  58  4:57  Probe (Chrono Boost)  
  58  5:03  Probe (Chrono Boost)  
  59  5:11  Sentry x2  
  59  5:13  Probe (Chrono Boost)  
  65  5:14  Probe (Chrono Boost)  
  65  5:18  Twilight Council, Protoss Ground Weapons Level 1  
  65  5:19  Pylon  
  67  5:22  Probe x2 (Chrono Boost)  
  67  5:29  Robotics Facility  
  67  5:30  Probe (Chrono Boost)  
  68  5:37  Probe x2  
  68  5:39  Pylon  
  68  5:41  Pylon  
  70  5:43  Adept  
  72  5:55  Probe (Chrono Boost)  
  74  6:00  Probe (Chrono Boost), Nexus  
  75  6:05  Probe (Chrono Boost)  
  75  6:09  Probe (Chrono Boost), Pylon  
  76  6:11  Pylon  
  76  6:12  Pylon  
  76  6:13  Probe  
  76  6:16  Observer  
  78  6:22  Probe (Chrono Boost)  
  78  6:24  Fleet Beacon  
  80  6:25  Probe (Chrono Boost)  
  80  6:30  Stargate  
  81  6:33  Sentry x2  
  81  6:35  Probe (Chrono Boost)  
  81  6:38  Probe (Chrono Boost)  
  86  6:41  Photon Cannon  
  86  6:43  Probe (Chrono Boost)  
  86  6:45  Phoenix (Chrono Boost)  
  88  6:53  Stalker  
  87  7:00  Gateway  
  87  7:01  Shield Upgrade  
  87  7:10  Phoenix (Chrono Boost)  
  89  7:15  Phoenix  
  89  7:19  Probe x2  
  93  7:33  Probe x2  
  95  7:39  Photon Cannon  
  95  7:44  Probe  
  96  7:45  Probe, Gateway  
  96  7:48  Probe  
  98  7:54  Phoenix, Assimilator  
  98  7:57  Assimilator  
  98  8:00  Phoenix  
  85  8:06  Probe x3  
  85  8:12  Stalker  
  87  8:19  Phoenix  
  89  8:25  Phoenix  
  89  8:33  Probe x2 (Chrono Boost)  
  91  8:34  Probe (Chrono Boost)  
  92  8:43  Probe x2 (Chrono Boost)  
  92  8:44  Phoenix  
  92  8:48  Stalker x3  
  95  8:50  Probe (Chrono Boost)  
  95  8:51  Probe (Chrono Boost)  
  95  8:55  Phoenix  
  102  8:56  Probe (Chrono Boost)  
  104  9:12  Anion Pulse-Crystals (Chrono Boost)  
  104  9:26  Stalker x5  
  104  9:28  Probe x3 (Chrono Boost)  
  117  9:32  Carrier (Chrono Boost)  
  117  9:35  Protoss Ground Weapons Level 2 (Chrono Boost)  
  117  9:38  Probe x2 (Chrono Boost)  
  119  9:48  Stalker  
  127  10:00  Zealot  
  127  10:05  Pylon  
  127  10:06  Carrier (Chrono Boost)  
  129  10:08  Pylon  
  129  10:11  Pylon  
  129  10:13  Pylon  
  129  10:24  Immortal (Chrono Boost)  
  129  10:26  Pylon  
  139  10:30  Probe  
  139  10:34  Carrier (Chrono Boost)  
  140  10:38  Stalker  
  140  10:39  Stalker x5  
  158  11:06  Stalker x5  
  168  11:19  Nexus  
  168  11:21  Pylon, Protoss Air Weapons Level 1 (Chrono Boost)  
  168  11:22  Carrier (Chrono Boost)  
  168  11:24  Pylon  
  168  11:25  Graviton Catapult (Chrono Boost)  
  168  11:38  Pylon  
  168  11:54  Stalker  
  168  11:59  Stalker  
  168  12:00  Stalker x3  
  178  12:15  Observer  
  179  12:18  Pylon  
  179  12:20  Probe x3  
  188  12:32  Probe  
  189  12:42  Stalker x5  
  165  13:05  Stalker x2  
  165  13:06  Stalker x4  

Tags
 
Add a new tag
Caveats
  • Supply blocks, unpowered buildings, or Contaminate may cause inaccurate times.
  • Supply counts are checked every 10 seconds.